 Dungeon Crawl Stone Soup version 0.30.0-10-gfe55d96785 (webtiles) character file.

Game seed: 18276591436430140944

21 Kenran the Slasher (level 2, -1/26 HPs)
             Began as a Minotaur Fighter on May 15, 2023.
             Killed by divine providence
             ... invoked by an orc priest
              (13 damage)
             ... on level 2 of the Dungeon.
             The game lasted 00:01:31 (639 turns).

Kenran the Slasher (Minotaur Fighter)                Turns: 639, Time: 00:01:32

Health: -1/26      AC: 11    Str: 20    XL:     2   Next: 62%
Magic:  0/1        EV:  5    Int:  5    God:
Gold:   106        SH:  4    Dex:  9    Spells: 1/1 levels left

rFire   . . .        a - +1 long sword
rCold   . . .        c - +0 buckler
rNeg    . . .        i - +0 plate armour
rPois   .            (helmet restricted)
rElec   .            (no cloak)
rCorr   .            (no gloves)
SInv    .            (no boots)
Will    .....        h - amulet of guardian spirit Stlth
                     (no ring)
HPRegen 0.24/turn    (no ring)
MPRegen 0.07/turn

%: guardian spirit
@: no status effects
A: horns 2, retaliatory headbutt
a: no special abilities


You were on level 2 of the Dungeon.
You visited 1 branch of the dungeon, and saw 2 of its levels.

You collected 106 gold pieces.

Inventory:

Hand Weapons
 a - a +1 long sword (weapon)
Armour
 c - a +0 buckler (worn)
 i - a +0 plate armour (worn)
Jewellery
 h - an amulet of guardian spirit (around neck)
Scrolls
 e - a scroll of enchant weapon
 f - a scroll of identify {@r1}
 g - a scroll of magic mapping
Potions
 b - a potion of ambrosia {unknown}
 d - a potion of might
 j - 2 potions of brilliance


   Skills:
 - Level 3.6 Fighting
 + Level 4.0 Long Blades
 - Level 3.6 Armour
 - Level 3.6 Shields


You had one spell level left.
You didn't know any spells.
Your spell library was empty.

Dungeon Overview and Level Annotations

Branches:
Dungeon (2/15)

Altars:


Innate Abilities, Weirdness & Mutations

You have a pair of horns on your head.
You reflexively headbutt those who attack you in melee.


Message History

The giant cockroach bites you.
You closely miss the giant cockroach.
The giant cockroach is heavily wounded.
The giant cockroach bites you but does no damage. x2
You barely miss the giant cockroach.
The giant cockroach is heavily wounded.
The giant cockroach bites you but does no damage.
You hit the giant cockroach.
The giant cockroach is almost dead.
The giant cockroach barely misses you. You furiously retaliate!
You headbutt the giant cockroach!
You kill the giant cockroach!
Your Long Blades skill increases to level 4!
No target in view!
No target in view!
HP restored.
You see here a giant cockroach corpse.
Found a stone staircase leading down.
There is a stone staircase leading down here.
Found a ring mail.
f - 2 scrolls of identify {@r1} (gained 1)
As you read the scroll of identify {@r1}, it crumbles to dust.
j - 2 potions of brilliance 3 orcs and 2 orc priests come into view.
An orc priest is wielding a +2 heavy flail.
An orc is wielding a +1 dagger of protection.
The orc shouts!
The orc priest shouts!
The orc shouts!
An orc comes into view. It is wielding a +0 whip.
An orc comes into view. It is wielding a +0 hand axe.
The orc shouts!
The orc priest invokes the aid of Beogh against you.
Beogh smites you!
Ouch! That really hurt!
You see here a giant cockroach corpse.
Okay, then.
The orc priest invokes the aid of Beogh against you.
Beogh smites you!
The orc priest invokes the aid of Beogh against you.
Beogh smites you!
Ouch! That really hurt!
You die...

#####################
#.<.@..o..oo....o....
#####################
# ##### .. .....
#.###### ##....###
.......o. ≣......o≣


You could see an orc priest and 2 orcs.

Vanquished Creatures
  A dart slug (D:1)
  A bat (D:1)
  2 endoplasms (D:1)
  3 giant cockroaches
  A hobgoblin (D:1)
  2 jackals (D:1)
  A quokka (D:1)
  A ball python (D:1)
  4 kobolds (D:1)
  A rat (D:1)
17 creatures vanquished.

Notes
Turn   | Place    | Note
-------+----------+-------------------------------------------
     0 | D:1      | Kenran the Minotaur Fighter began the quest for the Orb.
     0 | D:1      | Reached XP level 1. HP: 19/19 MP: 0/0
    12 | D:1      | Found a faded altar of an unknown god.
   101 | D:1      | Reached skill level 3 in Long Blades
   218 | D:1      | Reached XP level 2. HP: 26/26 MP: 1/1
   563 | D:2      | Reached skill level 4 in Long Blades
   639 | D:2      | Killed from afar by an orc priest

Illustrated notes

Levels and vault maps discovered:
D:1:      dpeg_arrival_tiny_i, layout_basic, dreamdust_ecumenical_altar_statues
D:2:      cheibrodos_pilgrimage, layout_basic, eino_tiny_chamber

Skill      XL: |  1  2 |
---------------+-------+-----
Long Blades    | 3 4 |  4.0
Fighting       | |  3.6
Armour         | |  3.6
Shields        | |  3.6

Action                     || total
---------------------------++-------
  Melee: Long sword        ||    43
         Headbutt          ||     6
    Use: Scroll            ||     3
 Armour: Scale mail        ||     8
         Plate armour      ||     6
         Chain mail        ||     3
  Dodge: Dodged            ||    19
  Block: Buckler           ||     8
